[ AOE2 MATCH · #483414684 ]
Team RMFranks vs Hindustanis
[ REPLAY ANALYSIS · EXTRACTED FROM THE RECORDED GAME ]
Feudal
11:47
Castle
—
Imperial
—
| APM avg | 19.3 |
| APM peak | 34 |
| eAPM avg | 9.1 |
| Villagers / military | 28 / 0 |
Focus
⚔️ 1.9% · 🌾 98.1%
Feudal
11:26
Castle
—
Imperial
—
| APM avg | 21.2 |
| APM peak | 38 |
| eAPM avg | 14.8 |
| Villagers / military | 35 / 0 |
Focus
⚔️ 3.8% · 🌾 96.2%
Feudal
—
Castle
—
Imperial
—
| APM avg | 16.9 |
| APM peak | 37 |
| eAPM avg | 8.5 |
| Villagers / military | 23 / 0 |
Focus
⚔️ 34.0% · 🌾 66.0%
Feudal
—
Castle
—
Imperial
—
| APM avg | 16.3 |
| APM peak | 36 |
| eAPM avg | 7.4 |
| Villagers / military | 28 / 0 |
Focus
⚔️ 7.8% · 🌾 92.2%
Feudal
10:10
Castle
—
Imperial
—
| APM avg | 22.1 |
| APM peak | 50 |
| eAPM avg | 7.5 |
| Villagers / military | 26 / 0 |
Focus
⚔️ 0.0% · 🌾 100.0%
Feudal
—
Castle
—
Imperial
—
| APM avg | 15.9 |
| APM peak | 43 |
| eAPM avg | 12.8 |
| Villagers / military | 39 / 0 |
Focus
⚔️ 5.2% · 🌾 94.8%
Feudal
11:34
Castle
—
Imperial
—
| APM avg | 18.3 |
| APM peak | 46 |
| eAPM avg | 6.9 |
| Villagers / military | 34 / 0 |
Focus
⚔️ 0.0% · 🌾 100.0%
Feudal
11:18
Castle
—
Imperial
—
| APM avg | 54.5 |
| APM peak | 108 |
| eAPM avg | 8.9 |
| Villagers / military | 38 / 0 |
Focus
⚔️ 0.0% · 🌾 100.0%
Match map
Initial resources + every placement click. Lines = walls · curves = elevation contours. ◆ gold · ⬟ stone · ● berries · ✦ relic · ◌ wall gap
Your base· ✓ Closed at 12:29 · 0t walls · 2 gate(s)
recpe's base· ✓ Closed at 12:44 · 0t walls · 2 gate(s)
...'s base· ✓ Closed at 12:00 · 0t walls · 2 gate(s)
GoldenHorde's base· ✓ Closed at 12:00 · 0t walls · 2 gate(s)
Lucious's base· ✓ Closed at 12:00 · 0t walls · 3 gate(s)
Chancellor Lizard's base· ✓ Closed at 12:00 · 21t walls · 3 gate(s)
Alcar_99's base· ✓ Closed at 12:00 · 0t walls · 3 gate(s)
fjk's base· ✓ Closed at 12:00 · 0t walls · 3 gate(s)
Smoothed initial terrain · ◌ = detected wall gap · hover for details
Inputs per minute
— Jesulito123 - - recpe
Build order — Jesulito123
45 actions detected in the replay
| 0:03 | Create | Villager (Male) |
| 0:03 | Create | Villager (Male) |
| 0:03 | Create | Villager (Male) |
| 0:04 | Create | Villager (Male) |
| 0:04 | Create | Villager (Male) |
| 0:05 | Build | House |
| 0:06 | Build | House |
| 1:29 | Create | Villager (Male) |
| 1:52 | Create | Villager (Male) |
| 2:06 | Build | Lumber Camp |
| 2:36 | Create | Villager (Male) |
| 3:08 | Create | Villager (Male) |
| 3:08 | Research | Loom |
| 3:09 | Create | Villager (Male) |
| 4:16 | Create | Villager (Male) |
| 4:17 | Create | Villager (Male) |
| 4:29 | Build | House |
| 4:31 | Build | House |
| 4:32 | Build | House |
| 4:39 | Create | Villager (Male) |
| 4:39 | Create | Villager (Male) |
| 4:39 | Create | Villager (Male) |
| 4:51 | Create | Villager (Male) |
| 4:51 | Create | Villager (Male) |
| 4:55 | Build | Mill |
| 5:56 | Create | Villager (Male) |
| 5:57 | Create | Villager (Male) |
| 5:57 | Create | Villager (Male) |
| 5:57 | Create | Villager (Male) |
| 6:05 | Build | Mining Camp |
| 6:23 | Create | Villager (Male) |
| 6:24 | Create | Villager (Male) |
| 8:22 | Create | Villager (Male) |
| 8:22 | Create | Villager (Male) |
| 8:22 | Create | Villager (Male) |
| 9:06 | Research | Feudal Age |
| 9:19 | Create | Villager (Male) |
| 9:20 | Create | Villager (Male) |
| 11:47 | Age | Feudal Age |
| 11:53 | Build | Market |
| 12:01 | Build | Blacksmith |
| 12:23 | Build | Lumber Camp |
| 12:28 | Build | Farm |
| 12:29 | Research | Castle Age |
| 12:37 | Build | Farm |
Build order — recpe
59 actions detected in the replay
| 0:01 | Create | Villager (Male) |
| 0:02 | Create | Villager (Male) |
| 0:02 | Create | Villager (Male) |
| 0:02 | Create | Villager (Male) |
| 0:03 | Build | House |
| 0:06 | Build | House |
| 1:25 | Create | Villager (Male) |
| 1:25 | Create | Villager (Male) |
| 1:48 | Build | Lumber Camp |
| 1:55 | Create | Villager (Male) |
| 1:55 | Create | Villager (Male) |
| 2:23 | Create | Villager (Male) |
| 2:24 | Create | Villager (Male) |
| 2:54 | Create | Villager (Male) |
| 2:54 | Create | Villager (Male) |
| 3:47 | Create | Villager (Male) |
| 3:48 | Create | Villager (Male) |
| 3:52 | Build | House |
| 3:53 | Build | House |
| 4:14 | Create | Villager (Male) |
| 4:14 | Create | Villager (Male) |
| 4:22 | Build | Mill |
| 4:24 | Create | Villager (Male) |
| 4:25 | Create | Villager (Male) |
| 4:40 | Build | House |
| 5:05 | Create | Villager (Male) |
| 5:05 | Create | Villager (Male) |
| 5:06 | Create | Villager (Male) |
| 5:54 | Create | Villager (Male) |
| 5:55 | Create | Villager (Male) |
| 5:55 | Create | Villager (Male) |
| 6:27 | Build | Lumber Camp |
| 6:33 | Create | Villager (Male) |
| 7:17 | Create | Villager (Male) |
| 8:01 | Create | Villager (Male) |
| 8:15 | Build | Farm |
| 8:17 | Create | Villager (Male) |
| 8:18 | Create | Villager (Male) |
| 8:18 | Create | Villager (Male) |
| 8:36 | Build | Farm |
| 8:45 | Create | Villager (Male) |
| 9:01 | Build | Mining Camp |
| 9:15 | Research | Feudal Age |
| 9:38 | Create | Villager (Male) |
| 9:43 | Build | Farm |
| 10:02 | Build | Farm |
| 10:20 | Create | Villager (Male) |
| 11:07 | Build | Farm |
| 11:10 | Build | Farm |
| 11:26 | Age | Feudal Age |
| 11:39 | Build | Market |
| 11:50 | Build | Blacksmith |
| 12:02 | Build | Mining Camp |
| 12:08 | Create | Villager (Male) |
| 12:09 | Create | Villager (Male) |
| 12:44 | Research | Castle Age |
| 12:45 | Research | Castle Age |
| 12:52 | Research | Double-Bit Axe |
| 12:57 | Build | Farm |
Build order — ...
27 actions detected in the replay
| 0:04 | Build | House |
| 0:05 | Create | Villager (Male) ×4 |
| 1:23 | Build | House |
| 1:24 | Build | House |
| 1:27 | Build | House |
| 2:13 | Create | Villager (Male) |
| 2:14 | Create | Villager (Male) |
| 2:56 | Build | Lumber Camp |
| 3:44 | Create | Villager (Male) ×2 |
| 4:04 | Create | Villager (Male) |
| 4:35 | Create | Villager (Male) |
| 5:18 | Create | Villager (Male) |
| 5:18 | Create | Villager (Male) |
| 5:19 | Create | Villager (Male) |
| 5:34 | Create | Villager (Male) |
| 5:53 | Create | Villager (Male) |
| 6:20 | Create | Villager (Male) |
| 6:46 | Create | Villager (Male) |
| 8:25 | Build | Mill |
| 8:52 | Research | Loom |
| 8:53 | Create | Villager (Male) |
| 8:59 | Create | Villager (Male) |
| 9:48 | Create | Villager (Male) |
| 9:56 | Create | Villager (Male) |
| 10:06 | Research | Feudal Age |
| 11:05 | Create | Villager (Male) |
| 12:05 | Create | Villager (Male) |
Build order — GoldenHorde
37 actions detected in the replay
| 0:03 | Create | Villager (Male) ×4 |
| 0:06 | Build | House |
| 0:07 | Build | House |
| 0:08 | Build | House |
| 1:45 | Create | Villager (Male) |
| 1:45 | Create | Villager (Male) |
| 1:50 | Build | Lumber Camp |
| 2:03 | Create | Villager (Male) |
| 2:40 | Create | Villager (Male) |
| 2:40 | Create | Villager (Male) |
| 3:10 | Create | Villager (Male) |
| 3:10 | Create | Villager (Male) |
| 3:29 | Create | Villager (Male) |
| 3:58 | Create | Villager (Male) |
| 4:16 | Create | Villager (Male) |
| 4:16 | Create | Villager (Male) |
| 4:16 | Create | Villager (Male) |
| 4:41 | Create | Villager (Male) |
| 5:04 | Build | House |
| 5:07 | Build | House |
| 5:08 | Build | House |
| 5:18 | Create | Villager (Male) ×2 |
| 5:30 | Create | Villager (Male) |
| 5:53 | Create | Villager (Male) |
| 5:54 | Create | Villager (Male) |
| 6:21 | Create | Villager (Male) |
| 6:21 | Create | Villager (Male) |
| 6:39 | Create | Villager (Male) |
| 7:00 | Build | Barracks |
| 8:15 | Build | Mill |
| 8:22 | Create | Villager (Male) |
| 8:23 | Create | Villager (Male) |
| 8:23 | Create | Villager (Male) |
| 8:44 | Build | House |
| 8:46 | Build | House |
| 9:18 | Build | Mining Camp |
| 10:05 | Research | Feudal Age |
Build order — Lucious
39 actions detected in the replay
| 0:06 | Build | House |
| 0:11 | Build | House |
| 0:12 | Create | Villager (Male) |
| 0:12 | Create | Villager (Male) |
| 0:12 | Create | Villager (Male) |
| 0:13 | Create | Villager (Male) |
| 0:13 | Create | Villager (Male) |
| 1:40 | Create | Villager (Male) |
| 2:02 | Create | Villager (Male) |
| 2:33 | Create | Villager (Male) |
| 2:45 | Create | Villager (Male) |
| 2:54 | Build | Lumber Camp |
| 2:57 | Create | Villager (Male) |
| 3:14 | Create | Villager (Male) |
| 3:20 | Build | House |
| 3:54 | Create | Villager (Male) |
| 4:15 | Create | Villager (Male) |
| 4:36 | Create | Villager (Male) |
| 4:40 | Build | Mill |
| 5:16 | Create | Villager (Male) |
| 5:38 | Create | Villager (Male) |
| 5:43 | Build | House |
| 6:02 | Create | Villager (Male) |
| 6:08 | Build | House |
| 6:40 | Create | Villager (Male) |
| 7:14 | Create | Villager (Male) |
| 8:00 | Research | Feudal Age |
| 8:29 | Create | Villager (Male) |
| 8:29 | Create | Villager (Male) |
| 9:43 | Build | Mining Camp |
| 10:10 | Age | Feudal Age |
| 10:14 | Create | Villager (Male) |
| 10:14 | Create | Villager (Male) |
| 11:21 | Create | Villager (Male) |
| 11:36 | Create | Villager (Male) |
| 11:54 | Create | Villager (Male) |
| 11:58 | Build | House |
| 12:18 | Build | Market |
| 12:24 | Build | Blacksmith |
Build order — Chancellor Lizard
53 actions detected in the replay
| 0:34 | Create | Villager (Male) |
| 0:34 | Create | Villager (Male) |
| 0:34 | Create | Villager (Male) |
| 0:34 | Create | Villager (Male) |
| 1:05 | Build | House |
| 1:06 | Build | House |
| 2:56 | Create | Villager (Male) |
| 3:23 | Create | Villager (Male) |
| 3:25 | Build | Lumber Camp |
| 3:45 | Create | Villager (Male) |
| 3:45 | Create | Villager (Male) |
| 4:24 | Create | Villager (Male) |
| 4:24 | Create | Villager (Male) |
| 4:38 | Build | House |
| 5:10 | Create | Villager (Male) |
| 5:40 | Create | Villager (Male) |
| 5:41 | Create | Villager (Male) |
| 5:43 | Create | Villager (Male) |
| 5:43 | Create | Villager (Male) |
| 6:05 | Create | Villager (Male) |
| 6:06 | Create | Villager (Male) |
| 6:15 | Build | Mill |
| 6:25 | Create | Villager (Male) |
| 6:26 | Create | Villager (Male) |
| 6:59 | Create | Villager (Male) |
| 7:00 | Create | Villager (Male) |
| 7:15 | Build | Palisade Wall |
| 7:17 | Build | Palisade Wall |
| 7:18 | Build | Palisade Wall |
| 7:19 | Build | Palisade Wall |
| 7:24 | Create | Villager (Male) |
| 7:57 | Create | Villager (Male) |
| 7:57 | Create | Villager (Male) |
| 8:02 | Build | House |
| 8:03 | Build | House |
| 8:08 | Build | House |
| 8:11 | Create | Villager (Male) |
| 8:11 | Create | Villager (Male) |
| 8:42 | Create | Villager (Male) |
| 8:42 | Create | Villager (Male) |
| 9:09 | Research | Loom |
| 9:09 | Create | Villager (Male) |
| 9:09 | Create | Villager (Male) |
| 9:10 | Create | Villager (Male) |
| 10:00 | Create | Villager (Male) |
| 10:00 | Create | Villager (Male) |
| 10:39 | Create | Villager (Male) |
| 11:02 | Create | Villager (Male) |
| 11:22 | Create | Villager (Male) |
| 11:23 | Create | Villager (Male) |
| 12:22 | Create | Villager (Male) |
| 12:22 | Create | Villager (Male) |
| 12:33 | Build | House |
Build order — Alcar_99
48 actions detected in the replay
| 0:03 | Create | Villager (Male) |
| 0:04 | Research | Loom |
| 0:05 | Create | Villager (Male) |
| 0:05 | Create | Villager (Male) |
| 0:05 | Create | Villager (Male) |
| 0:05 | Create | Villager (Male) |
| 0:13 | Build | House |
| 1:05 | Build | House |
| 1:08 | Build | House |
| 1:48 | Create | Villager (Male) |
| 1:48 | Create | Villager (Male) |
| 2:04 | Build | House |
| 2:06 | Build | House |
| 2:09 | Create | Villager (Male) |
| 2:09 | Create | Villager (Male) |
| 2:51 | Create | Villager (Male) |
| 2:51 | Create | Villager (Male) |
| 3:16 | Create | Villager (Male) |
| 3:16 | Create | Villager (Male) |
| 3:27 | Create | Villager (Male) |
| 3:47 | Create | Villager (Male) |
| 3:47 | Create | Villager (Male) |
| 4:15 | Create | Villager (Male) |
| 4:16 | Create | Villager (Male) |
| 4:45 | Create | Villager (Male) |
| 4:45 | Create | Villager (Male) |
| 5:05 | Create | Villager (Male) |
| 6:07 | Create | Villager (Male) |
| 6:30 | Create | Villager (Male) |
| 6:30 | Create | Villager (Male) |
| 6:56 | Build | Lumber Camp |
| 7:35 | Create | Villager (Male) |
| 8:00 | Create | Villager (Male) |
| 8:31 | Create | Villager (Male) |
| 8:46 | Build | Mill |
| 8:53 | Create | Villager (Male) |
| 9:04 | Build | Mill |
| 9:24 | Research | Feudal Age |
| 9:24 | Research | Feudal Age |
| 9:30 | Build | Mining Camp |
| 10:18 | Create | Villager (Male) |
| 10:19 | Create | Villager (Male) |
| 10:19 | Create | Villager (Male) |
| 10:19 | Create | Villager (Male) |
| 10:30 | Create | Villager (Male) |
| 10:31 | Create | Villager (Male) |
| 11:34 | Age | Feudal Age |
| 12:54 | Build | House |
Build order — fjk
51 actions detected in the replay
| 0:10 | Build | House |
| 0:12 | Build | House |
| 0:15 | Create | Villager (Male) ×4 |
| 0:15 | Create | Villager (Male) ×4 |
| 0:53 | Build | House |
| 0:54 | Build | House |
| 2:02 | Create | Villager (Male) |
| 2:02 | Create | Villager (Male) |
| 2:02 | Create | Villager (Male) |
| 2:03 | Create | Villager (Male) |
| 2:25 | Create | Villager (Male) |
| 2:25 | Create | Villager (Male) |
| 3:11 | Build | Lumber Camp |
| 3:16 | Create | Villager (Male) |
| 3:16 | Create | Villager (Male) |
| 3:43 | Create | Villager (Male) |
| 3:43 | Create | Villager (Male) |
| 3:43 | Create | Villager (Male) |
| 3:44 | Create | Villager (Male) |
| 4:16 | Create | Villager (Male) |
| 4:17 | Create | Villager (Male) |
| 4:50 | Create | Villager (Male) |
| 4:50 | Create | Villager (Male) |
| 5:09 | Build | Mill |
| 5:19 | Create | Villager (Male) |
| 5:19 | Create | Villager (Male) |
| 6:06 | Create | Villager (Male) |
| 6:06 | Create | Villager (Male) |
| 6:17 | Create | Villager (Male) |
| 6:17 | Create | Villager (Male) |
| 6:54 | Create | Villager (Male) |
| 6:54 | Create | Villager (Male) |
| 7:42 | Build | House |
| 7:44 | Build | House |
| 7:45 | Build | House |
| 7:51 | Create | Villager (Male) |
| 8:07 | Build | Mill |
| 8:12 | Create | Villager (Male) |
| 8:40 | Create | Villager (Male) |
| 9:07 | Research | Feudal Age |
| 9:19 | Build | House |
| 10:13 | Build | Mining Camp |
| 11:17 | Build | Lumber Camp |
| 11:18 | Age | Feudal Age |
| 11:24 | Research | Wheelbarrow |
| 11:30 | Create | Villager (Male) |
| 11:31 | Create | Villager (Male) |
| 11:31 | Create | Villager (Male) |
| 11:54 | Research | Horse Collar |
| 11:57 | Research | Double-Bit Axe |
| 12:37 | Research | Gold Mining |
Match timeline
| 7:00 | GoldenHorde · first_building Barracks |
| 7:15 | Chancellor Lizard · wall_segment Palisade Wall x5 |
| 7:17 | Chancellor Lizard · wall_segment Palisade Wall x6 |
| 7:18 | Chancellor Lizard · wall_segment Palisade Wall x6 |
| 7:19 | Chancellor Lizard · wall_segment Palisade Wall x7 |
| 10:10 | Lucious · age_up feudal |
| 11:11 | GoldenHorde · resign |
| 11:18 | fjk · age_up feudal |
| 11:26 | recpe · age_up feudal |
| 11:34 | Alcar_99 · age_up feudal |
| 11:47 | Jesulito123 · age_up feudal |
[ AI ANALYSIS · 1 CREDIT ]
What really happened in this match?
Wolo.gg analyzes every decision: build order, eco, micro, common mistakes by bracket. Personalized analysis on WhatsApp or Discord in 30 seconds.
Civ guide
Franks
Map guide
Arena
Perfil
Jesulito123